 Dungeon Crawl Stone Soup version 0.28-a0-476-g0f06bd746f (webtiles) character file.

Game seed: 10296603719307275563

2841 siradein the Fighter (level 9, -2/81 HPs)
             Began as a Hill Orc Fighter on Sept 17, 2021.
             Was an Initiate of Gozag.
             Slain by a killer bee (5 damage)
             ... on level 5 of the Dungeon.
             The game lasted 00:28:55 (7524 turns).

siradein the Fighter (Hill Orc Fighter)             Turns: 7524, Time: 00:28:57

Health: -2/81      AC: 18    Str: 20    XL:     9   Next: 74%
Magic:  9/9        EV: 10    Int:  8    God:    Gozag
Gold:   600        SH:  5    Dex: 12    Spells: 8/8 levels left

rFire   . . .      SeeInvis .   a - +0 long sword
rCold   . . .      Faith    .   c - +0 buckler
rNeg    . . .      Spirit   .   r - +0 plate armour
rPois   .          Reflect  .   x - +0 helmet
rElec   .          Harm     .   (no cloak)
rCorr   .          Rampage  .   (no gloves)
Will    +....                   p - +2 pair of boots
Stlth   ..........              (no amulet)
HPRegen 0.23/turn               n - +4 ring of evasion
MPRegen 0.11/turn               q - ring of willpower

@: no status effects
A: no striking features
a: Renounce Religion, Potion Petition, Call Merchant, Bribe Branch


You were on level 5 of the Dungeon.
You worshipped Gozag.
Gozag was pleased with you.
You visited 2 branches of the dungeon, and saw 7 of its levels.

You collected 637 gold pieces.
You paid 37 gold pieces to Gozag.

Inventory:

Hand Weapons
 a - a +0 long sword (weapon)
 y - the +6 dagger "Penarghurch" {drain, rN+}
   (You found it on level 6 of the Dungeon)

   A truly terrible weapon, it drains the life of any living foe it strikes.
   rN:        It protects you from negative energy.
Armour
 c - a +0 buckler (worn)
 p - a +2 pair of boots (worn)
 r - a +0 plate armour (worn)
 x - a +0 helmet (worn)
Jewellery
 d - a ring of see invisible
 m - a ring of flight
 n - a +4 ring of evasion (left hand)
 q - a ring of willpower (right hand)
 u - a ring of poison resistance
Wands
 t - a wand of charming (9)
Scrolls
 b - a scroll of blinking {unknown}
 e - a scroll of silence {unknown}
 f - 2 scrolls of immolation {unknown}
 i - 3 scrolls of teleportation {unknown}
 j - 2 scrolls of fear {unknown}
 l - 6 scrolls of identify {unknown}
 s - a scroll of amnesia {unknown}
 w - a scroll of enchant armour {unknown}
Potions
 g - 4 potions of curing
 h - 3 potions of attraction
 k - a potion of invisibility {unknown}
 o - a potion of brilliance {unknown}
 v - a potion of lignification {unknown}
 z - a potion of ambrosia {unknown}
 A - a potion of mutation {unknown}


   Skills:
 + Level 8.2 Fighting
 + Level 7.1 Long Blades
 + Level 7.5 Armour
 + Level 7.5 Shields
 + Level 4.2 Evocations


You had 8 spell levels left.
You didn't know any spells.
Your spell library contained the following spells:

 Spells                   Type           Power      Damage    Failure   Level
 Animate Armour           Summ/Erth      0%         N/A       100%        4
 Blade Hands              Tmut           0%         N/A       100%        5
 Iron Shot                Conj/Erth      0%         9d1       100%        6


Dungeon Overview and Level Annotations

Branches:
Dungeon (6/15)             Temple (1/1) D:4

Altars:
Ashenzari
Cheibriados
Dithmenos
Elyvilon
Fedhas
Gozag
Hepliaklqana
Kikubaaqudgha
Nemelex Xobeh
Okawaru
Qazlal
Ru
Sif Muna
Trog
Uskayaw
Vehumet
Wu Jian
Xom
Yredelemnul
Zin
The Shining One


Message History

You feel sick. The killer bee stings you.
* * * LOW HITPOINT WARNING * * *
You are more poisoned.
The killer bee poisons you!
You feel sick. The killer bee completely misses you.
You feel sick.
The killer bee stings you but does no damage.
You feel sick.
You feel sick.
The killer bee stings you but does no damage.
You feel sick.
The killer bee stings you but does no damage.
You feel sick.
The killer bee stings you but does no damage. x2
The killer bee closely misses you.
You feel sick.
The killer bee stings you but does no damage. x4
There is a stone staircase leading up here.
You feel sick.
You are no longer poisoned.
The killer bee closely misses you.
The killer bee stings you but does no damage.
You block the killer bee's attack. The killer bee misses you.
The killer bee closely misses you.
The killer bee stings you but does no damage.
You climb upwards.
Reactivating autopickup.
There is a stone staircase leading down here.
You hit the killer bee but do no damage.
The killer bee stings you but does no damage. x3
The killer bee closely misses you. You block the killer bee's attack.
The killer bee stings you but does no damage.
The killer bee stings you but does no damage.
The killer bee stings you.
* * * LOW HITPOINT WARNING * * *
The killer bee stings you.
* * * LOW HITPOINT WARNING * * *
The killer bee stings you.
You die...
Your body crumbles into a pile of gold.

##.....# #.####...............#
####.....###....................#
.).#.........####...............#
...#....###...........[........#.
...#.....###.....................
...#.............................
8.......###.#.......####.#.....##
.........#..#..yy...# #...##..##
...###.#...##..y@...# #.#......<
....##.....########.## #......#..
###)####....## #..###...>.....
#.#....#...# ##...#.....#..#
###.#.#####..# #.#.#........#
........# ##.# #.#...####...#
........# #.#### #.#...# ###.#
........# #....## #.##..# #..
........# #.##..###.....# ###


You could see 3 killer bees.

Vanquished Creatures
  Pikel (D:5)
  A troll (D:5)
  Grinder (D:4)
  Sigmund (D:5)
  A steam dragon (D:6)
  Duvessa (D:4)
  A water moccasin (D:5)
  An ice beast (D:5)
  2 sky beasts (D:6)
  A black bear (D:4)
  A lemure (D:5)
  Dowan (D:4)
  4 scorpions
  3 water moccasin zombies (D:5)
  A water moccasin skeleton (D:5)
  A centaur zombie (D:5)
  A bullfrog zombie (D:5)
  2 orc priests
  A jelly (D:5)
  3 iguanas
  Ijyb (D:4)
  2 bullfrog skeletons (D:5)
  A scorpion zombie (D:5)
  2 orc wizards
  A killer bee zombie (D:6)
  A howler monkey zombie (D:5)
  3 gnolls (D:3)
  5 adders
  A worm (D:2)
  5 dart slugs
  18 orcs
  6 bats
  6 endoplasms
  4 giant cockroaches
  8 goblins
  7 hobgoblins
  6 jackals
  4 kobolds
  5 quokkas
  7 ball pythons
  2 frilled lizards
  7 rats
131 creatures vanquished.

Notes
Turn   | Place    | Note
-------+----------+-------------------------------------------
     0 | D:1      | siradein the Hill Orc Fighter began the quest for the Orb.
     0 | D:1      | Reached XP level 1. HP: 19/19 MP: 1/1
   192 | D:1      | Reached XP level 2. HP: 27/27 MP: 2/2
   546 | D:1      | Reached skill level 4 in Fighting
   551 | D:1      | Reached XP level 3. HP: 33/33 MP: 3/3
  1455 | D:2      | Reached XP level 4. HP: 37/40 MP: 4/4
  2389 | D:3      | Found a faded altar of an unknown god.
  2518 | D:3      | Reached XP level 5. HP: 26/47 MP: 5/5
  3341 | D:4      | Found a staircase to the Ecumenical Temple.
  3375 | Temple   | Entered the Ecumenical Temple
  3787 | Temple   | Became a worshipper of Gozag Ym Sagoz the Greedy
  3815 | D:4      | Reached skill level 5 in Fighting
  3815 | D:4      | Reached XP level 6. HP: 49/56 MP: 6/6
  3885 | D:4      | Noticed a black bear
  3902 | D:4      | Killed a black bear
  4044 | D:4      | Noticed Grinder
  4050 | D:4      | Noticed Duvessa
  4060 | D:4      | Paralysed by Grinder for 2 turns
  4066 | D:4      | Killed Duvessa
  4067 | D:4      | Reached skill level 5 in Armour
  4067 | D:4      | Reached skill level 5 in Shields
  4067 | D:4      | Reached XP level 7. HP: 39/61 MP: 7/7
  4071 | D:4      | Killed Grinder
  4073 | D:4      | Noticed Dowan
  4089 | D:4      | Killed Dowan
  4090 | D:4      | Reached skill level 6 in Fighting
  4620 | D:4      | Reached skill level 5 in Long Blades
  4800 | D:5      | Entered Level 5 of the Dungeon
  4818 | D:5      | Noticed Pikel
  4902 | D:5      | Killed Pikel
  4903 | D:5      | Reached XP level 8. HP: 8/71 MP: 8/8
  5311 | D:5      | Reached skill level 7 in Fighting
  5444 | D:5      | Noticed Ijyb
  5507 | D:4      | Killed Ijyb
  5744 | D:5      | Reached XP level 9. HP: 67/79 MP: 9/9
  6009 | D:5      | Noticed Sigmund
  6018 | D:5      | Killed Sigmund
  6124 | D:5      | Noticed a troll
  6174 | D:5      | Killed a troll
  6725 | D:6      | Reached skill level 8 in Fighting
  7482 | D:6      | Identified the +6 dagger "Penarghurch" {drain, rN+}
  7524 | D:5      | HP: 3/81 [killer bee (4)]
  7524 | D:5      | Slain by a killer bee

Illustrated notes

Levels and vault maps discovered:
D:1:      amcnicky_arrival_single_pillar, layout_basic, serial_forest,
          infiniplex_forest_straight_4, infiniplex_forest_clump_large,
          infiniplex_forest_corner_2, infiniplex_forest_lined_3_way,
          infiniplex_forest_straight_4, infiniplex_forest_end_2
D:2:      layout_basic, serial_corexii_hall, corexii_hall_statues_i,
          chequers_hall_statues_wall_a, kennysheep_generic_room_8
D:3:      layout_loops_ring, hellmonk_ecumenical_altar_run_dry
D:4:      minmay_spotlight, layout_cave_pools, minmay_temple_entry_proselytizer,
          serial_glass, glass_columns_b, glass_columns_c, item_on_display_a,
          item_on_display_a, uniq_duvessa, uniq_grinder
D:5:      layout_rooms, serial_undead, serial_undead_d, serial_undead_d,
          serial_undead_c, serial_undead_d, eino_tiny_chamber,
          minmay_misc_feat_columns, chequers_serial_rivers_small_3,
          grunt_ministairs_15, uniq_ijyb, uniq_pikel, uniq_sigmund
D:6:      layout_gridville, uniq_blork_the_orc
Temple:   regret_index_temple_sigil_plot

Skill      XL: |  1  2  3  4  5  6  7  8  9 |
---------------+----------------------------+-----
Fighting       | 4 5 6 7 8 |  8.2
Long Blades    | 3 4 5 6 7 |  7.1
Armour         | 4 5 6 7 |  7.5
Shields        | 4 5 6 7 |  7.5
Evocations     | 2 4 |  4.2

Action                   |  1- 3 |  4- 6 |  7- 9 || total
-------------------------+-------+-------+-------++-------
Melee: Long sword        |    95 |   148 |   364 ||   607
  Use: Potion            |       |     1 |     1 ||     2
Armor: Scale mail        |    40 |     1 |       ||    41
       Plate armour      |       |   121 |   244 ||   365
Dodge: Dodged            |    54 |    87 |   215 ||   356
Block: Buckler           |    19 |    39 |   118 ||   176

Table legend: (Time is in decaauts)
 A = Elapsed time spent in this place.
 B = Non-inter-level travel time spent in this place.
 C = Inter-level travel time spent in this place.
 D = Time resting spent in this place.
 E = Time spent auto-exploring this place.
 F = Levels seen in this place.
 G = Mean time per level.
                   A        B        C        D        E       F      G
               +--------+--------+--------+--------+--------+-----+--------+
         Total |   7619 |   7414 |    205 |    918 |   4862 |   7 | 1088.4 |
       Dungeon |   7194 |   7012 |    182 |    918 |   4496 |   6 | 1199.0 |
        Temple |    424 |    401 |     23 |      0 |    366 |   1 |  424.0 |
               +--------+--------+--------+--------+--------+-----+--------+

Top non-repeatable levels by time:
     D:4: 1694 daAuts
     D:5: 1457 daAuts
     D:2: 1275 daAuts
     D:3: 1094 daAuts
     D:1: 1003 daAuts
     D:6: 668 daAuts
  Temple: 424 daAuts
